 Dungeon Crawl Stone Soup version 0.29.0-4-gdea44cf6ec (webtiles) character file.

Game seed: 2765280867448294447

5759 qw the Cleaver (level 10, -1/80 HPs)
             Began as a Demonspawn Cinder Acolyte on Sept 9, 2022.
             Was an Initiate of Okawaru.
             Slain by a fire elemental (6 damage)
             ... created by the fiery vengeance of Ignis
             ... on level 9 of the Dungeon.
             The game lasted 00:12:37 (17841 turns).

qw the Cleaver (Demonspawn Cinder Acolyte)         Turns: 17841, Time: 00:12:37

Health: -1/80      AC: 18    Str: 18    XL:     10   Next: 49%
Magic:  10/11      EV:  4    Int: 16    God:    Okawaru [......]
Gold:   634        SH:  9    Dex:  9    Spells: 11/11 levels left

rFire   . . .      SeeInvis +   Y - +1 hand axe (flame)
rCold   + . .      Faith    .   k - +0 kite shield
rNeg    . . .      Spirit   .   g - +0 plate armour
rPois   .          Reflect  .   (helmet restricted)
rElec   .          Harm     .   e - +0 cloak
rCorr   .          Rampage  .   (no gloves)
Will    .....                   d - +2 pair of boots
Stlth   ..........              (no amulet)
HPRegen 0.23/turn               b - ring of see invisible
MPRegen 0.12/turn               l - ring of protection from cold

@: fire susceptible
A: horns 1, rugged brown scales 2, ignite blood 2, powered by death 1
a: Renounce Religion


You were on level 9 of the Dungeon.
You worshipped Okawaru.
Okawaru was noncommittal.
You visited 1 branch of the dungeon, and saw 9 of its levels.

You collected 634 gold pieces.


Innate Abilities, Weirdness & Mutations

You have a pair of small horns on your head.
You are mostly covered in rugged brown scales. (AC +2, +5% HP)
Your demonic aura often causes spilled blood to erupt in flames.
You regenerate a little health from kills.


   Skills:
 + Level 6.6 Fighting
 - Level 10.1 Axes
 - Level 1.9 Throwing
 - Level 5.0 Armour
 - Level 1.0 Dodging
 - Level 7.2 Shields
 - Level 1.0 Spellcasting
 - Level 2.6 Fire Magic
 - Level 1.2 Invocations


You had 11 spell levels left.
You didn't know any spells.
Your spell library contained the following spells:

 Spells                   Type           Power      Damage    Failure   Level
 Scorch                   Fire           18%        2d6       100%        2

Inventory:

Hand Weapons
 Y - a +1 hand axe of flaming (weapon)
Armour
 c - a +0 tower shield
 d - a +2 pair of boots (worn)
 e - a +0 cloak (worn)
 g - a +0 plate armour (worn)
 k - a +0 kite shield (worn)
Jewellery
 b - a ring of see invisible (left hand)
 l - a ring of protection from cold (right hand)
Scrolls
 h - a scroll of identify
Potions
 a - 3 potions of curing
 f - a potion of haste
 i - a potion of might
 m - a potion of berserk rage {unknown}

Dungeon Overview and Level Annotations

Branches:
Dungeon (9/15)             Temple (0/1) D:7
   Lair: D:8-11         Orc: D:9-12

Altars:
Ashenzari
Nemelex Xobeh
Okawaru
Vehumet
Xom

Annotations:
D:7 3 runed translucent doors, qw's ghost, novice MiBe


Message History

You slash the fire elemental! You block the fire elemental's attack.
The fire elemental hits you. The fire elemental burns you!
The fire elemental hits you. The fire elemental burns you!
You block the fire elemental's attack.
You hit the fire elemental.
The fire elemental is moderately damaged.
You hit the fire elemental but do no damage.
You feel yourself speed up.
You block the fire elemental's attack. x2
You closely miss the fire elemental.
The fire elemental is moderately damaged.
You barely miss the fire elemental. You block the fire elemental's attack.
The fire elemental barely misses you.
You hit the fire elemental but do no damage.
The fire elemental is moderately damaged.
You hit the fire elemental but do no damage.
The fire elemental barely misses you. x2
You slash the fire elemental!
The fire elemental is heavily damaged.
You hit the fire elemental but do no damage.
You block the fire elemental's attack. x2
You hit the fire elemental.
Your headbutt misses the fire elemental.
The fire elemental is severely damaged.
You barely miss the fire elemental. The fire elemental hits you.
The fire elemental burns you! You block the fire elemental's attack.
You slash the fire elemental!
The fire elemental is almost destroyed.
You barely miss the fire elemental. The fire elemental hits you.
The fire elemental burns you! The fire elemental hits you.
The fire elemental burns you!
You slash the fire elemental!
You destroy the fire elemental!
That felt strangely unrewarding.
You barely miss the fire elemental.
You feel like a meek peon again.
You slash the fire elemental! You headbutt the fire elemental.
The fire elemental is severely damaged.
The fire elemental hits you. The fire elemental burns you!
You die...

######################## .
........................
.. ......##............###
##.......##...#######..# #
....###................# #
..........E............# #
........%@.............# #
........%..............# #
#######'#####..........###
.... .#######..... ......Y
.# #..... .......... #.#
#..###
...#########.#######<.#
... +..........# ..
#..........#


You could see a fire elemental.

Vanquished Creatures
  2 two-headed ogres (D:8)
  2 trolls (D:9)
  Sigmund (D:3)
  4 yaks (D:9)
  2 wyverns
  A wraith (D:9)
  A fire elemental (D:9)
  Edmund (D:6)
  Duvessa (D:6)
  2 ogres (D:5)
  A centaur (D:6)
  A phantom (D:5)
  3 kobold brigands
  Blork the orc (D:6)
  A gnoll sergeant (D:7)
  3 scorpions
  16 wights
  Dowan (D:6)
  3 killer bees (D:8)
  A howler monkey (D:7)
  3 hounds
  Crazy Yiuf (D:3)
  3 orc priests
  2 iguanas
  Jessica (D:2)
  5 gnoll boudas
  An orc wizard (D:5)
  Robin (D:2)
  21 gnolls
  9 adders
  An ufetubus (D:4)
  4 worms
  3 dart slugs
  12 orcs
  13 endoplasms
  5 giant cockroaches
  23 goblins
  7 hobgoblins
  2 quokkas (D:4)
  5 ball pythons
  4 bats
  3 frilled lizards
  16 kobolds
  6 rats
  A butterfly (D:6)
200 creatures vanquished.

Notes
Turn   | Place    | Note
-------+----------+-------------------------------------------
     0 | D:1      | qw the Demonspawn Cinder Acolyte began the quest for the
                  | Orb.
     0 | D:1      | Reached XP level 1. HP: 18/18 MP: 2/2
     0 | D:1      | 0 ||| qw: Version: 0.1-a-113-g051387a
     0 | D:1      | 0 ||| qw: Game counter: 7305
     0 | D:1      | 0 ||| qw: Always use a shield: true
     0 | D:1      | 0 ||| qw: God list: Okawaru
     0 | D:1      | 0 ||| qw: Allow faded altars: false
     0 | D:1      | 0 ||| qw: Do Orc after D:15 true
     0 | D:1      | 0 ||| qw: Do second Lair branch before Depths: true
     0 | D:1      | 0 ||| qw: Lair rune preference: random
     0 | D:1      | 0 ||| qw: Plans: Normal
     0 | D:1      | 0 ||| PLANNING D:1-11
    92 | D:1      | 92 ||| INVOKING Fiery Armour.
    95 | D:1      | Reached skill level 3 in Axes
   100 | D:1      | 100 ||| Stepping ~*~*~tactically~*~*~ (stealth).
   102 | D:1      | Gained mutation: You regenerate a little health from kills.
                  | [demonic ancestry]
   102 | D:1      | Reached XP level 2. HP: 20/24 MP: 3/3
   343 | D:1      | 343 ||| Stepping ~*~*~tactically~*~*~ (stealth).
   344 | D:1      | 344 ||| Stepping ~*~*~tactically~*~*~ (stealth).
   345 | D:1      | 345 ||| Stepping ~*~*~tactically~*~*~ (stealth).
   695 | D:1      | 695 ||| UPGRADING to +0 chain mail.
   705 | D:1      | 705 ||| DROPPING +0 robe.
   706 | D:1      | 706 ||| UPGRADING to +0 helmet.
   711 | D:1      | 711 ||| READING scroll labelled YCSUFRAEMN.
   812 | D:1      | 812 ||| READING 3 scrolls labelled AXTUR ATOQUE.
   813 | D:1      | 813 ||| READING 2 scrolls labelled RORPHI PINLIM.
   816 | D:1      | 816 ||| READING 2 scrolls of identify.
   816 | D:1      | 816 ||| IDENTIFYING lumpy cyan potion
   817 | D:1      | 817 ||| DROPPING potion of lignification.
   907 | D:2      | Noticed Jessica
   912 | D:2      | Killed Jessica
   913 | D:2      | Reached skill level 1 in Armour
   913 | D:2      | Gained mutation: Your demonic aura sometimes causes spilled
                  | blood to erupt in flames. [demonic ancestry]
   913 | D:2      | Reached XP level 3. HP: 19/29 MP: 4/4
  1108 | D:2      | Noticed Robin
  1109 | D:2      | 1109 ||| Stepping ~*~*~tactically~*~*~ (hiding).
  1112 | D:2      | 1112 ||| Stepping ~*~*~tactically~*~*~ (stealth).
  1113 | D:2      | 1113 ||| INVOKING Fiery Armour.
  1114 | D:2      | 1114 ||| Stepping ~*~*~tactically~*~*~ (hiding).
  1116 | D:2      | 1116 ||| Stepping ~*~*~tactically~*~*~ (hiding).
  1122 | D:2      | Gained mutation: Your demonic aura often causes spilled
                  | blood to erupt in flames. [demonic ancestry]
  1122 | D:2      | Reached XP level 4. HP: 34/35 MP: 5/5
  1128 | D:2      | Killed Robin
  1129 | D:2      | Reached skill level 4 in Axes
  1129 | D:2      | 1129 ||| FLEEEEING.
  1731 | D:2      | Found a faded altar of an unknown god.
  1928 | D:2      | 1928 ||| UPGRADING to +0 plate armour.
  1938 | D:2      | 1938 ||| DROPPING +0 chain mail.
  1939 | D:2      | 1939 ||| UPGRADING to ring of see invisible.
  1940 | D:2      | 1940 ||| READING 2 scrolls labelled QOENUO XYNWI.
  1941 | D:2      | 1941 ||| READING scroll labelled LASHRI XOEJAS KEY.
  2085 | D:2      | 2085 ||| DROPPING scroll of fog.
  2177 | D:3      | 2177 ||| STAIRDANCE
  2259 | D:3      | Noticed Sigmund
  2262 | D:3      | 2262 ||| INVOKING Fiery Armour.
  2266 | D:3      | Killed Sigmund
  2267 | D:3      | Reached skill level 5 in Axes
  2267 | D:3      | Reached XP level 5. HP: 30/41 MP: 6/6
  2267 | D:3      | Gained mutation: You are partially covered in rugged brown
                  | scales. (AC +1, +3% HP) [demonic ancestry]
  2267 | D:3      | Reached XP level 6. HP: 30/48 MP: 7/7
  2282 | D:3      | 2282 ||| FLEEEEING.
  2583 | D:3      | Found an iron altar of Okawaru.
  2607 | D:3      | Found a runed translucent door.
  2608 | D:3      | Noticed Crazy Yiuf
  2657 | D:3      | 2657 ||| Stepping ~*~*~tactically~*~*~ (stealth).
  2666 | D:3      | Reached skill level 6 in Axes
  2968 | D:3      | 2968 ||| UPGRADING to +2 pair of boots.
  2973 | D:3      | 2973 ||| UPGRADING to ring of protection from cold.
  2974 | D:3      | 2974 ||| READING scroll labelled EPLAOCW WOST.
  2975 | D:3      | 2975 ||| READING scroll labelled BEHIOW PUKHO.
  2976 | D:3      | 2976 ||| READING 2 scrolls of identify.
  2976 | D:3      | 2976 ||| IDENTIFYING puce potion
  2977 | D:3      | 2977 ||| READING scroll of teleportation.
  3098 | D:4      | 3098 ||| INVOKING Fiery Armour.
  3125 | D:4      | 3125 ||| Stepping ~*~*~tactically~*~*~ (stealth).
  3129 | D:4      | Reached skill level 3 in Armour
  3142 | D:4      | 3142 ||| Stepping ~*~*~tactically~*~*~ (stealth).
  3143 | D:4      | 3143 ||| Stepping ~*~*~tactically~*~*~ (stealth).
  3154 | D:4      | Reached XP level 7. HP: 54/55 MP: 8/8
  3755 | D:4      | 3755 ||| DROPPING scarf of shadows.
  3756 | D:4      | 3756 ||| UPGRADING to amulet of guardian spirit.
  3761 | D:4      | 3761 ||| READING scroll labelled XICWET WIBB.
  3762 | D:4      | 3762 ||| READING scroll labelled HAUMEI FIRUYDITSO.
  3763 | D:4      | 3763 ||| READING 2 scrolls of identify.
  3763 | D:4      | 3763 ||| IDENTIFYING silvery potion
  3764 | D:4      | 3764 ||| DROPPING potion of attraction.
  3806 | D:5      | Entered Level 5 of the Dungeon
  4151 | D:5      | 4151 ||| INVOKING Fiery Armour.
  4158 | D:5      | Reached skill level 7 in Axes
  4162 | D:5      | Reached skill level 1 in Dodging
  4200 | D:5      | Reached skill level 1 in Throwing
  4371 | D:5      | 4371 ||| Stepping ~*~*~tactically~*~*~ (stealth).
  4476 | D:5      | Gained mutation: You are mostly covered in rugged brown
                  | scales. (AC +2, +5% HP) [demonic ancestry]
  4476 | D:5      | Reached XP level 8. HP: 55/63 MP: 9/9
  4624 | D:5      | 4624 ||| READING scroll labelled LOUXUCSEZO.
  4625 | D:5      | 4625 ||| READING scroll labelled KEJUUVEGUCS.
  4626 | D:5      | 4626 ||| DRINKING 2 bubbling coppery potions.
  4727 | D:5      | 4727 ||| READING 2 scrolls of identify.
  4727 | D:5      | 4727 ||| IDENTIFYING fuming coppery potion
  4728 | D:5      | 4728 ||| DROPPING potion of flight.
  4729 | D:5      | 4729 ||| DROPPING potion of ambrosia.
  4843 | D:6      | Noticed Blork the orc
  4844 | D:6      | 4844 ||| Stepping ~*~*~tactically~*~*~ (hiding).
  4853 | D:6      | Killed Blork the orc
  4854 | D:6      | Reached skill level 8 in Axes
  4881 | D:6      | 4881 ||| FLEEEEING.
  4883 | D:6      | 4883 ||| FLEEEEING.
  5164 | D:6      | Noticed Edmund
  5182 | D:6      | 5182 ||| INVOKING Fiery Armour.
  5185 | D:6      | Killed Edmund
  5529 | D:6      | Noticed Duvessa
  5529 | D:6      | Noticed Dowan
  5530 | D:6      | 5530 ||| INVOKING Fiery Armour.
  5540 | D:6      | Killed Dowan
  5541 | D:6      | Killed Duvessa
  5543 | D:6      | Found a shimmering altar of Xom.
  5646 | D:6      | 5646 ||| READING scroll labelled YRAUGEGUARPH.
  5647 | D:6      | 5647 ||| READING 2 scrolls of identify.
  5647 | D:6      | 5647 ||| IDENTIFYING emerald potion
  5648 | D:6      | 5648 ||| DROPPING potion of degeneration.
  5664 | D:7      | 5664 ||| INVOKING Fiery Armour.
  5685 | D:7      | 5685 ||| STAIRDANCE
  5795 | D:7      | 5795 ||| Stepping ~*~*~tactically~*~*~ (stealth).
  5796 | D:7      | 5796 ||| Stepping ~*~*~tactically~*~*~ (stealth).
  5853 | D:7      | 5853 ||| Stepping ~*~*~tactically~*~*~ (hiding).
  5855 | D:7      | 5855 ||| Stepping ~*~*~tactically~*~*~ (hiding).
  5856 | D:7      | 5856 ||| Stepping ~*~*~tactically~*~*~ (hiding).
  5864 | D:7      | 5864 ||| Stepping ~*~*~tactically~*~*~ (hiding).
  5871 | D:7      | 5871 ||| FLEEEEING.
  5873 | D:7      | 5873 ||| FLEEEEING.
  5874 | D:7      | 5874 ||| FLEEEEING.
  5875 | D:7      | 5875 ||| FLEEEEING.
  5876 | D:7      | 5876 ||| FLEEEEING.
  5881 | D:7      | 5881 ||| FLEEEEING.
  5886 | D:7      | 5886 ||| FLEEEEING.
  5887 | D:7      | 5887 ||| FLEEEEING.
  5888 | D:7      | 5888 ||| FLEEEEING.
  5894 | D:7      | 5894 ||| FLEEEEING.
  5896 | D:7      | 5896 ||| FLEEEEING.
  5898 | D:7      | 5898 ||| STAIRDANCE
  5934 | D:7      | Reached skill level 9 in Axes
  5994 | D:7      | 5994 ||| READING scroll of enchant weapon.
  5994 | D:7      | 5994 ||| ENCHANTING +0 hand axe of flaming.
  6093 | D:7      | Found a staircase to the Ecumenical Temple.
  6112 | D:7      | Gained mutation: You have a pair of small horns on your
                  | head. [demonic ancestry]
  6112 | D:7      | Reached XP level 9. HP: 65/71 MP: 10/10
  6174 | D:7      | 6174 ||| Stepping ~*~*~tactically~*~*~ (stealth).
  6176 | D:7      | 6176 ||| Stepping ~*~*~tactically~*~*~ (hiding).
  6179 | D:7      | 6179 ||| Stepping ~*~*~tactically~*~*~ (hiding).
  6180 | D:7      | 6180 ||| Stepping ~*~*~tactically~*~*~ (hiding).
  6182 | D:7      | 6182 ||| Stepping ~*~*~tactically~*~*~ (hiding).
  6197 | D:7      | Reached skill level 6 in Fighting
  6276 | D:7      | 6276 ||| FLEEEEING.
  6433 | D:7      | 6433 ||| Stepping ~*~*~tactically~*~*~ (stealth).
  6434 | D:7      | 6434 ||| Stepping ~*~*~tactically~*~*~ (stealth).
  6467 | D:7      | Found a runed translucent gate.
  6467 | D:7      | Found a runed translucent gate.
  6467 | D:7      | Found a runed translucent gate.
  6470 | D:7      | 6470 ||| Stepping ~*~*~tactically~*~*~ (stealth).
  6472 | D:7      | 6472 ||| Stepping ~*~*~tactically~*~*~ (hiding).
  6509 | D:7      | 6509 ||| FLEEEEING.
  6510 | D:7      | 6510 ||| FLEEEEING.
  6512 | D:7      | 6512 ||| FLEEEEING.
  6513 | D:7      | 6513 ||| FLEEEEING.
  6514 | D:7      | 6514 ||| FLEEEEING.
  6520 | D:7      | 6520 ||| FLEEEEING.
  6521 | D:7      | 6521 ||| FLEEEEING.
  6522 | D:7      | 6522 ||| FLEEEEING.
  6523 | D:7      | 6523 ||| FLEEEEING.
  6525 | D:7      | 6525 ||| FLEEEEING.
  6526 | D:7      | 6526 ||| FLEEEEING.
  6527 | D:7      | 6527 ||| FLEEEEING.
  6528 | D:7      | 6528 ||| FLEEEEING.
  6529 | D:7      | 6529 ||| FLEEEEING.
  6535 | D:7      | 6535 ||| Stepping ~*~*~tactically~*~*~ (hiding).
  6600 | D:7      | Noticed qw's ghost (novice MiBe)
  6646 | D:7      | 6646 ||| INVOKING Fiery Armour.
  6750 | D:7      | 6750 ||| FLEEEEING.
  6751 | D:7      | 6751 ||| FLEEEEING.
  6808 | D:7      | 6808 ||| FLEEEEING.
  6906 | D:7      | 6906 ||| Stepping ~*~*~tactically~*~*~ (hiding).
  7075 | D:7      | Noticed an ice statue
  7076 | D:7      | 7076 ||| INVOKING Fiery Armour.
  7100 | D:7      | Reached skill level 10 in Axes
  7436 | D:7      | 7436 ||| INVOKING Fiery Armour.
  7460 | D:7      | 7460 ||| FLEEEEING.
  7461 | D:7      | 7461 ||| FLEEEEING.
  7462 | D:7      | 7462 ||| FLEEEEING.
  7463 | D:7      | 7463 ||| FLEEEEING.
  7464 | D:7      | 7464 ||| FLEEEEING.
  7465 | D:7      | 7465 ||| FLEEEEING.
  7466 | D:7      | 7466 ||| FLEEEEING.
  7469 | D:7      | 7469 ||| FLEEEEING.
  7473 | D:7      | 7473 ||| FLEEEEING.
  7474 | D:7      | 7474 ||| FLEEEEING.
  7475 | D:7      | 7475 ||| FLEEEEING.
  7476 | D:7      | 7476 ||| FLEEEEING.
  7477 | D:7      | 7477 ||| FLEEEEING.
  7478 | D:7      | 7478 ||| FLEEEEING.
  7479 | D:7      | 7479 ||| FLEEEEING.
  7483 | D:7      | 7483 ||| FLEEEEING.
  7487 | D:7      | 7487 ||| FLEEEEING.
  7488 | D:7      | 7488 ||| FLEEEEING.
  7489 | D:7      | 7489 ||| FLEEEEING.
  7495 | D:7      | 7495 ||| STAIRDANCE
  7536 | D:6      | 7536 ||| DROPPING +0 helmet.
  7537 | D:6      | 7537 ||| UPGRADING to +0 kite shield.
  7576 | D:7      | 7576 ||| INVOKING Fiery Armour.
  7577 | D:7      | 7577 ||| Stepping randomly (cloudy).
  7592 | D:7      | 7592 ||| FLEEEEING.
  7593 | D:7      | 7593 ||| FLEEEEING.
  7594 | D:7      | 7594 ||| FLEEEEING.
  7595 | D:7      | 7595 ||| FLEEEEING.
  7596 | D:7      | 7596 ||| FLEEEEING.
  7597 | D:7      | 7597 ||| FLEEEEING.
  7598 | D:7      | 7598 ||| FLEEEEING.
  7599 | D:7      | 7599 ||| FLEEEEING.
  7600 | D:7      | 7600 ||| FLEEEEING.
  7601 | D:7      | 7601 ||| FLEEEEING.
  7603 | D:7      | 7603 ||| FLEEEEING.
  7604 | D:7      | 7604 ||| FLEEEEING.
  7605 | D:7      | 7605 ||| FLEEEEING.
  7606 | D:7      | 7606 ||| FLEEEEING.
  7607 | D:7      | 7607 ||| FLEEEEING.
  7608 | D:7      | 7608 ||| FLEEEEING.
  7609 | D:7      | 7609 ||| FLEEEEING.
  7610 | D:7      | 7610 ||| FLEEEEING.
  7611 | D:7      | 7611 ||| FLEEEEING.
  7612 | D:7      | 7612 ||| FLEEEEING.
  7613 | D:7      | 7613 ||| FLEEEEING.
  7614 | D:7      | 7614 ||| FLEEEEING.
  7615 | D:7      | 7615 ||| FLEEEEING.
  7617 | D:7      | 7617 ||| FLEEEEING.
  7675 | D:7      | 7675 ||| Stepping randomly (cloudy).
  7676 | D:7      | 7676 ||| Stepping randomly (cloudy).
  7677 | D:7      | 7677 ||| Stepping randomly (cloudy).
  7678 | D:7      | 7678 ||| FLEEEEING.
  7679 | D:7      | 7679 ||| FLEEEEING.
  7680 | D:7      | 7680 ||| FLEEEEING.
  7681 | D:7      | 7681 ||| FLEEEEING.
  7682 | D:7      | 7682 ||| FLEEEEING.
  7683 | D:7      | 7683 ||| FLEEEEING.
  7686 | D:7      | 7686 ||| FLEEEEING.
  7690 | D:7      | 7690 ||| FLEEEEING.
  7691 | D:7      | 7691 ||| FLEEEEING.
  7692 | D:7      | 7692 ||| FLEEEEING.
  7693 | D:7      | 7693 ||| FLEEEEING.
  7694 | D:7      | 7694 ||| FLEEEEING.
  7695 | D:7      | 7695 ||| FLEEEEING.
  7696 | D:7      | 7696 ||| FLEEEEING.
  7697 | D:7      | 7697 ||| FLEEEEING.
  7699 | D:7      | 7699 ||| FLEEEEING.
  7785 | D:7      | 7785 ||| FLEEEEING.
  7786 | D:7      | 7786 ||| FLEEEEING.
  7787 | D:7      | 7787 ||| FLEEEEING.
  7892 | D:7      | 7892 ||| FLEEEEING.
  7893 | D:7      | 7893 ||| FLEEEEING.
  7894 | D:7      | 7894 ||| FLEEEEING.
  7895 | D:7      | 7895 ||| FLEEEEING.
  7896 | D:7      | 7896 ||| FLEEEEING.
  7897 | D:7      | 7897 ||| FLEEEEING.
  7898 | D:7      | 7898 ||| FLEEEEING.
  7899 | D:7      | 7899 ||| FLEEEEING.
  7902 | D:7      | 7902 ||| FLEEEEING.
  7906 | D:7      | 7906 ||| FLEEEEING.
  7907 | D:7      | 7907 ||| FLEEEEING.
  7908 | D:7      | 7908 ||| FLEEEEING.
  7909 | D:7      | 7909 ||| FLEEEEING.
  7910 | D:7      | 7910 ||| FLEEEEING.
  7911 | D:7      | 7911 ||| FLEEEEING.
  7912 | D:7      | 7912 ||| FLEEEEING.
  7913 | D:7      | 7913 ||| FLEEEEING.
  7914 | D:7      | 7914 ||| FLEEEEING.
  7915 | D:7      | 7915 ||| FLEEEEING.
  7916 | D:7      | 7916 ||| FLEEEEING.
  7917 | D:7      | 7917 ||| FLEEEEING.
  7918 | D:7      | 7918 ||| FLEEEEING.
  7919 | D:7      | 7919 ||| FLEEEEING.
  7920 | D:7      | 7920 ||| FLEEEEING.
  7921 | D:7      | 7921 ||| FLEEEEING.
  7922 | D:7      | 7922 ||| FLEEEEING.
  7923 | D:7      | 7923 ||| FLEEEEING.
  7924 | D:7      | 7924 ||| FLEEEEING.
  7930 | D:7      | 7930 ||| STAIRDANCE
  8021 | D:7      | HP: 18/72 [ice statue/freezing blast (6)]
  8022 | D:7      | 8022 ||| READING 7 scrolls of teleportation.
  8023 | D:7      | HP: 6/72 [ice statue] (4)]
  8025 | D:7      | 8025 ||| FLEEEEING.
  8026 | D:7      | 8026 ||| FLEEEEING.
  8489 | D:8      | Noticed a two-headed ogre
  8500 | D:8      | Killed a two-headed ogre
  8642 | D:8      | 8642 ||| Stepping ~*~*~tactically~*~*~ (hiding).
  8679 | D:8      | HP: 18/72 [poisoned by a killer bee]
  8680 | D:8      | 8680 ||| READING 6 scrolls of teleportation.
  8877 | D:8      | Found a flagged portal.
  8878 | D:8      | 8878 ||| Stepping ~*~*~tactically~*~*~ (stealth).
  8885 | D:8      | 8885 ||| Stepping ~*~*~tactically~*~*~ (stealth).
  8890 | D:8      | 8890 ||| Stepping ~*~*~tactically~*~*~ (stealth).
  8897 | D:8      | 8897 ||| Stepping ~*~*~tactically~*~*~ (stealth).
  9189 | D:8      | Found a broken altar of Ashenzari.
  9190 | D:8      | Found a sparkling altar of Nemelex Xobeh.
  9220 | D:8      | Noticed a two-headed ogre
  9225 | D:8      | Killed a two-headed ogre
  9226 | D:8      | Reached skill level 6 in Shields
  9226 | D:8      | Reached XP level 10. HP: 34/79 MP: 5/11
  9241 | D:8      | 9241 ||| Stepping ~*~*~tactically~*~*~ (stealth).
  9357 | D:8      | 9357 ||| Stepping ~*~*~tactically~*~*~ (stealth).
  9447 | D:8      | Found a radiant altar of Vehumet.
  9485 | D:8      | 9485 ||| Stepping ~*~*~tactically~*~*~ (stealth).
  9486 | D:8      | 9486 ||| Stepping ~*~*~tactically~*~*~ (stealth).
  9497 | D:8      | 9497 ||| Stepping ~*~*~tactically~*~*~ (stealth).
  9735 | D:8      | 9735 ||| PLANNING CONVERSION TO OKAWARU
  9797 | D:6      | 9797 ||| PLANNING D:1-11
  9810 | D:6      | 9810 ||| READING scroll labelled CILISE FAETT.
  9962 | D:4      | 9962 ||| PLANNING CONVERSION TO OKAWARU
  9964 | D:3      | 9964 ||| PLANNING D:1-11
 10035 | D:3      | 10035 ||| PLANNING CONVERSION TO OKAWARU
 10035 | D:3      | 10035 ||| PLANNING D:1-11
 10035 | D:3      | 10035 ||| READING 5 scrolls of teleportation.
 10141 | D:4      | 10141 ||| PLANNING CONVERSION TO OKAWARU
 10143 | D:3      | 10143 ||| PLANNING D:1-11
 10214 | D:3      | 10214 ||| PLANNING CONVERSION TO OKAWARU
 10214 | D:3      | 10214 ||| PLANNING D:1-11
 10214 | D:3      | 10214 ||| READING 4 scrolls of teleportation.
 10302 | D:4      | 10302 ||| PLANNING CONVERSION TO OKAWARU
 10304 | D:3      | 10304 ||| PLANNING D:1-11
 10375 | D:3      | 10375 ||| PLANNING CONVERSION TO OKAWARU
 10375 | D:3      | 10375 ||| PLANNING D:1-11
 10375 | D:3      | 10375 ||| READING 3 scrolls of teleportation.
 10513 | D:4      | 10513 ||| PLANNING CONVERSION TO OKAWARU
 10515 | D:3      | 10515 ||| PLANNING D:1-11
 10586 | D:3      | 10586 ||| PLANNING CONVERSION TO OKAWARU
 10586 | D:3      | 10586 ||| PLANNING D:1-11
 10586 | D:3      | 10586 ||| READING 2 scrolls of teleportation.
 10702 | D:4      | 10702 ||| PLANNING CONVERSION TO OKAWARU
 10704 | D:3      | 10704 ||| PLANNING D:1-11
 10775 | D:3      | 10775 ||| PLANNING CONVERSION TO OKAWARU
 10775 | D:3      | 10775 ||| PLANNING D:1-11
 10775 | D:3      | 10775 ||| READING scroll of teleportation.
 10902 | D:4      | 10902 ||| PLANNING CONVERSION TO OKAWARU
 10904 | D:3      | 10904 ||| PLANNING D:1-11
 10975 | D:3      | 10975 ||| PLANNING CONVERSION TO OKAWARU
 10975 | D:3      | 10975 ||| PLANNING D:1-11
 10975 | D:3      | 10975 ||| Stepping randomly (stuck).
 10980 | D:3      | Killed Crazy Yiuf
 11027 | D:3      | 11027 ||| UPGRADING to +0 cloak.
 11102 | D:4      | 11102 ||| PLANNING CONVERSION TO OKAWARU
 11104 | D:3      | 11104 ||| PLANNING D:1-11
 11130 | D:3      | 11130 ||| PLANNING CONVERSION TO OKAWARU
 11130 | D:3      | 11130 ||| PLANNING D:1-11
 11130 | D:3      | 11130 ||| Stepping randomly (stuck).
 11160 | D:4      | 11160 ||| PLANNING CONVERSION TO OKAWARU
 11162 | D:3      | 11162 ||| PLANNING D:1-11
 11188 | D:3      | 11188 ||| PLANNING CONVERSION TO OKAWARU
 11188 | D:3      | 11188 ||| PLANNING D:1-11
 11188 | D:3      | 11188 ||| Stepping randomly (stuck).
 11218 | D:4      | 11218 ||| PLANNING CONVERSION TO OKAWARU
 11220 | D:3      | 11220 ||| PLANNING D:1-11
 11246 | D:3      | 11246 ||| PLANNING CONVERSION TO OKAWARU
 11246 | D:3      | 11246 ||| PLANNING D:1-11
 11246 | D:3      | 11246 ||| Stepping randomly (stuck).
 11276 | D:4      | 11276 ||| PLANNING CONVERSION TO OKAWARU
 11278 | D:3      | 11278 ||| PLANNING D:1-11
 11304 | D:3      | 11304 ||| PLANNING CONVERSION TO OKAWARU
 11304 | D:3      | 11304 ||| PLANNING D:1-11
 11304 | D:3      | 11304 ||| Stepping randomly (stuck).
 11334 | D:4      | 11334 ||| PLANNING CONVERSION TO OKAWARU
 11336 | D:3      | 11336 ||| PLANNING D:1-11
 11362 | D:3      | 11362 ||| PLANNING CONVERSION TO OKAWARU
 11362 | D:3      | 11362 ||| PLANNING D:1-11
 11362 | D:3      | 11362 ||| Stepping randomly (stuck).
 11392 | D:4      | 11392 ||| PLANNING CONVERSION TO OKAWARU
 11394 | D:3      | 11394 ||| PLANNING D:1-11
 11420 | D:3      | 11420 ||| PLANNING CONVERSION TO OKAWARU
 11420 | D:3      | 11420 ||| PLANNING D:1-11
 11420 | D:3      | 11420 ||| Stepping randomly (stuck).
 11450 | D:4      | 11450 ||| PLANNING CONVERSION TO OKAWARU
 11452 | D:3      | 11452 ||| PLANNING D:1-11
 11478 | D:3      | 11478 ||| PLANNING CONVERSION TO OKAWARU
 11478 | D:3      | 11478 ||| PLANNING D:1-11
 11478 | D:3      | 11478 ||| Stepping randomly (stuck).
 11508 | D:4      | 11508 ||| PLANNING CONVERSION TO OKAWARU
 11510 | D:3      | 11510 ||| PLANNING D:1-11
 11536 | D:3      | 11536 ||| PLANNING CONVERSION TO OKAWARU
 11536 | D:3      | 11536 ||| PLANNING D:1-11
 11536 | D:3      | 11536 ||| Stepping randomly (stuck).
 11566 | D:4      | 11566 ||| PLANNING CONVERSION TO OKAWARU
 11568 | D:3      | 11568 ||| PLANNING D:1-11
 11594 | D:3      | 11594 ||| PLANNING CONVERSION TO OKAWARU
 11594 | D:3      | 11594 ||| PLANNING D:1-11
 11594 | D:3      | 11594 ||| Stepping randomly (stuck).
 11624 | D:4      | 11624 ||| PLANNING CONVERSION TO OKAWARU
 11626 | D:3      | 11626 ||| PLANNING D:1-11
 11652 | D:3      | 11652 ||| PLANNING CONVERSION TO OKAWARU
 11652 | D:3      | 11652 ||| PLANNING D:1-11
 11652 | D:3      | 11652 ||| Stepping randomly (stuck).
 11682 | D:4      | 11682 ||| PLANNING CONVERSION TO OKAWARU
 11684 | D:3      | 11684 ||| PLANNING D:1-11
 11710 | D:3      | 11710 ||| PLANNING CONVERSION TO OKAWARU
 11710 | D:3      | 11710 ||| PLANNING D:1-11
 11710 | D:3      | 11710 ||| Stepping randomly (stuck).
 11740 | D:4      | 11740 ||| PLANNING CONVERSION TO OKAWARU
 11742 | D:3      | 11742 ||| PLANNING D:1-11
 11768 | D:3      | 11768 ||| PLANNING CONVERSION TO OKAWARU
 11768 | D:3      | 11768 ||| PLANNING D:1-11
 11768 | D:3      | 11768 ||| Stepping randomly (stuck).
 11798 | D:4      | 11798 ||| PLANNING CONVERSION TO OKAWARU
 11800 | D:3      | 11800 ||| PLANNING D:1-11
 11826 | D:3      | 11826 ||| PLANNING CONVERSION TO OKAWARU
 11826 | D:3      | 11826 ||| PLANNING D:1-11
 11826 | D:3      | 11826 ||| Stepping randomly (stuck).
 11856 | D:4      | 11856 ||| PLANNING CONVERSION TO OKAWARU
 11858 | D:3      | 11858 ||| PLANNING D:1-11
 11884 | D:3      | 11884 ||| PLANNING CONVERSION TO OKAWARU
 11884 | D:3      | 11884 ||| PLANNING D:1-11
 11884 | D:3      | 11884 ||| Stepping randomly (stuck).
 11914 | D:4      | 11914 ||| PLANNING CONVERSION TO OKAWARU
 11916 | D:3      | 11916 ||| PLANNING D:1-11
 11942 | D:3      | 11942 ||| PLANNING CONVERSION TO OKAWARU
 11942 | D:3      | 11942 ||| PLANNING D:1-11
 11942 | D:3      | 11942 ||| Stepping randomly (stuck).
 11972 | D:4      | 11972 ||| PLANNING CONVERSION TO OKAWARU
 11974 | D:3      | 11974 ||| PLANNING D:1-11
 12000 | D:3      | 12000 ||| PLANNING CONVERSION TO OKAWARU
 12000 | D:3      | 12000 ||| PLANNING D:1-11
 12000 | D:3      | 12000 ||| Stepping randomly (stuck).
 12030 | D:4      | 12030 ||| PLANNING CONVERSION TO OKAWARU
 12032 | D:3      | 12032 ||| PLANNING D:1-11
 12058 | D:3      | 12058 ||| PLANNING CONVERSION TO OKAWARU
 12058 | D:3      | 12058 ||| PLANNING D:1-11
 12058 | D:3      | 12058 ||| Stepping randomly (stuck).
 12088 | D:4      | 12088 ||| PLANNING CONVERSION TO OKAWARU
 12090 | D:3      | 12090 ||| PLANNING D:1-11
 12116 | D:3      | 12116 ||| PLANNING CONVERSION TO OKAWARU
 12116 | D:3      | 12116 ||| PLANNING D:1-11
 12116 | D:3      | 12116 ||| Stepping randomly (stuck).
 12146 | D:4      | 12146 ||| PLANNING CONVERSION TO OKAWARU
 12148 | D:3      | 12148 ||| PLANNING D:1-11
 12174 | D:3      | 12174 ||| PLANNING CONVERSION TO OKAWARU
 12174 | D:3      | 12174 ||| PLANNING D:1-11
 12174 | D:3      | 12174 ||| Stepping randomly (stuck).
 12204 | D:4      | 12204 ||| PLANNING CONVERSION TO OKAWARU
 12206 | D:3      | 12206 ||| PLANNING D:1-11
 12232 | D:3      | 12232 ||| PLANNING CONVERSION TO OKAWARU
 12232 | D:3      | 12232 ||| PLANNING D:1-11
 12232 | D:3      | 12232 ||| Stepping randomly (stuck).
 12262 | D:4      | 12262 ||| PLANNING CONVERSION TO OKAWARU
 12264 | D:3      | 12264 ||| PLANNING D:1-11
 12290 | D:3      | 12290 ||| PLANNING CONVERSION TO OKAWARU
 12290 | D:3      | 12290 ||| PLANNING D:1-11
 12290 | D:3      | 12290 ||| Stepping randomly (stuck).
 12320 | D:4      | 12320 ||| PLANNING CONVERSION TO OKAWARU
 12322 | D:3      | 12322 ||| PLANNING D:1-11
 12348 | D:3      | 12348 ||| PLANNING CONVERSION TO OKAWARU
 12348 | D:3      | 12348 ||| PLANNING D:1-11
 12348 | D:3      | 12348 ||| Stepping randomly (stuck).
 12378 | D:4      | 12378 ||| PLANNING CONVERSION TO OKAWARU
 12380 | D:3      | 12380 ||| PLANNING D:1-11
 12406 | D:3      | 12406 ||| PLANNING CONVERSION TO OKAWARU
 12406 | D:3      | 12406 ||| PLANNING D:1-11
 12406 | D:3      | 12406 ||| Stepping randomly (stuck).
 12436 | D:4      | 12436 ||| PLANNING CONVERSION TO OKAWARU
 12438 | D:3      | 12438 ||| PLANNING D:1-11
 12464 | D:3      | 12464 ||| PLANNING CONVERSION TO OKAWARU
 12464 | D:3      | 12464 ||| PLANNING D:1-11
 12464 | D:3      | 12464 ||| Stepping randomly (stuck).
 12494 | D:4      | 12494 ||| PLANNING CONVERSION TO OKAWARU
 12496 | D:3      | 12496 ||| PLANNING D:1-11
 12522 | D:3      | 12522 ||| PLANNING CONVERSION TO OKAWARU
 12522 | D:3      | 12522 ||| PLANNING D:1-11
 12522 | D:3      | 12522 ||| Stepping randomly (stuck).
 12552 | D:4      | 12552 ||| PLANNING CONVERSION TO OKAWARU
 12554 | D:3      | 12554 ||| PLANNING D:1-11
 12580 | D:3      | 12580 ||| PLANNING CONVERSION TO OKAWARU
 12580 | D:3      | 12580 ||| PLANNING D:1-11
 12580 | D:3      | 12580 ||| Stepping randomly (stuck).
 12610 | D:4      | 12610 ||| PLANNING CONVERSION TO OKAWARU
 12612 | D:3      | 12612 ||| PLANNING D:1-11
 12638 | D:3      | 12638 ||| PLANNING CONVERSION TO OKAWARU
 12638 | D:3      | 12638 ||| PLANNING D:1-11
 12638 | D:3      | 12638 ||| Stepping randomly (stuck).
 12668 | D:4      | 12668 ||| PLANNING CONVERSION TO OKAWARU
 12670 | D:3      | 12670 ||| PLANNING D:1-11
 12696 | D:3      | 12696 ||| PLANNING CONVERSION TO OKAWARU
 12696 | D:3      | 12696 ||| PLANNING D:1-11
 12696 | D:3      | 12696 ||| Stepping randomly (stuck).
 12726 | D:4      | 12726 ||| PLANNING CONVERSION TO OKAWARU
 12728 | D:3      | 12728 ||| PLANNING D:1-11
 12754 | D:3      | 12754 ||| PLANNING CONVERSION TO OKAWARU
 12754 | D:3      | 12754 ||| PLANNING D:1-11
 12754 | D:3      | 12754 ||| Stepping randomly (stuck).
 12784 | D:4      | 12784 ||| PLANNING CONVERSION TO OKAWARU
 12786 | D:3      | 12786 ||| PLANNING D:1-11
 12812 | D:3      | 12812 ||| PLANNING CONVERSION TO OKAWARU
 12812 | D:3      | 12812 ||| PLANNING D:1-11
 12812 | D:3      | 12812 ||| Stepping randomly (stuck).
 12842 | D:4      | 12842 ||| PLANNING CONVERSION TO OKAWARU
 12844 | D:3      | 12844 ||| PLANNING D:1-11
 12870 | D:3      | 12870 ||| PLANNING CONVERSION TO OKAWARU
 12870 | D:3      | 12870 ||| PLANNING D:1-11
 12870 | D:3      | 12870 ||| Stepping randomly (stuck).
 12900 | D:4      | 12900 ||| PLANNING CONVERSION TO OKAWARU
 12902 | D:3      | 12902 ||| PLANNING D:1-11
 12928 | D:3      | 12928 ||| PLANNING CONVERSION TO OKAWARU
 12928 | D:3      | 12928 ||| PLANNING D:1-11
 12928 | D:3      | 12928 ||| Stepping randomly (stuck).
 12958 | D:4      | 12958 ||| PLANNING CONVERSION TO OKAWARU
 12960 | D:3      | 12960 ||| PLANNING D:1-11
 12986 | D:3      | 12986 ||| PLANNING CONVERSION TO OKAWARU
 12986 | D:3      | 12986 ||| PLANNING D:1-11
 12986 | D:3      | 12986 ||| Stepping randomly (stuck).
 13016 | D:4      | 13016 ||| PLANNING CONVERSION TO OKAWARU
 13018 | D:3      | 13018 ||| PLANNING D:1-11
 13044 | D:3      | 13044 ||| PLANNING CONVERSION TO OKAWARU
 13044 | D:3      | 13044 ||| PLANNING D:1-11
 13044 | D:3      | 13044 ||| Stepping randomly (stuck).
 13074 | D:4      | 13074 ||| PLANNING CONVERSION TO OKAWARU
 13076 | D:3      | 13076 ||| PLANNING D:1-11
 13102 | D:3      | 13102 ||| PLANNING CONVERSION TO OKAWARU
 13102 | D:3      | 13102 ||| PLANNING D:1-11
 13102 | D:3      | 13102 ||| Stepping randomly (stuck).
 13132 | D:4      | 13132 ||| PLANNING CONVERSION TO OKAWARU
 13134 | D:3      | 13134 ||| PLANNING D:1-11
 13160 | D:3      | 13160 ||| PLANNING CONVERSION TO OKAWARU
 13160 | D:3      | 13160 ||| PLANNING D:1-11
 13160 | D:3      | 13160 ||| Stepping randomly (stuck).
 13190 | D:4      | 13190 ||| PLANNING CONVERSION TO OKAWARU
 13192 | D:3      | 13192 ||| PLANNING D:1-11
 13218 | D:3      | 13218 ||| PLANNING CONVERSION TO OKAWARU
 13218 | D:3      | 13218 ||| PLANNING D:1-11
 13218 | D:3      | 13218 ||| Stepping randomly (stuck).
 13248 | D:4      | 13248 ||| PLANNING CONVERSION TO OKAWARU
 13250 | D:3      | 13250 ||| PLANNING D:1-11
 13276 | D:3      | 13276 ||| PLANNING CONVERSION TO OKAWARU
 13276 | D:3      | 13276 ||| PLANNING D:1-11
 13276 | D:3      | 13276 ||| Stepping randomly (stuck).
 13306 | D:4      | 13306 ||| PLANNING CONVERSION TO OKAWARU
 13308 | D:3      | 13308 ||| PLANNING D:1-11
 13334 | D:3      | 13334 ||| PLANNING CONVERSION TO OKAWARU
 13334 | D:3      | 13334 ||| PLANNING D:1-11
 13334 | D:3      | 13334 ||| Stepping randomly (stuck).
 13364 | D:4      | 13364 ||| PLANNING CONVERSION TO OKAWARU
 13366 | D:3      | 13366 ||| PLANNING D:1-11
 13392 | D:3      | 13392 ||| PLANNING CONVERSION TO OKAWARU
 13392 | D:3      | 13392 ||| PLANNING D:1-11
 13392 | D:3      | 13392 ||| Stepping randomly (stuck).
 13422 | D:4      | 13422 ||| PLANNING CONVERSION TO OKAWARU
 13424 | D:3      | 13424 ||| PLANNING D:1-11
 13450 | D:3      | 13450 ||| PLANNING CONVERSION TO OKAWARU
 13450 | D:3      | 13450 ||| PLANNING D:1-11
 13450 | D:3      | 13450 ||| Stepping randomly (stuck).
 13480 | D:4      | 13480 ||| PLANNING CONVERSION TO OKAWARU
 13482 | D:3      | 13482 ||| PLANNING D:1-11
 13508 | D:3      | 13508 ||| PLANNING CONVERSION TO OKAWARU
 13508 | D:3      | 13508 ||| PLANNING D:1-11
 13508 | D:3      | 13508 ||| Stepping randomly (stuck).
 13538 | D:4      | 13538 ||| PLANNING CONVERSION TO OKAWARU
 13540 | D:3      | 13540 ||| PLANNING D:1-11
 13566 | D:3      | 13566 ||| PLANNING CONVERSION TO OKAWARU
 13566 | D:3      | 13566 ||| PLANNING D:1-11
 13566 | D:3      | 13566 ||| Stepping randomly (stuck).
 13596 | D:4      | 13596 ||| PLANNING CONVERSION TO OKAWARU
 13598 | D:3      | 13598 ||| PLANNING D:1-11
 13624 | D:3      | 13624 ||| PLANNING CONVERSION TO OKAWARU
 13624 | D:3      | 13624 ||| PLANNING D:1-11
 13624 | D:3      | 13624 ||| Stepping randomly (stuck).
 13654 | D:4      | 13654 ||| PLANNING CONVERSION TO OKAWARU
 13656 | D:3      | 13656 ||| PLANNING D:1-11
 13682 | D:3      | 13682 ||| PLANNING CONVERSION TO OKAWARU
 13682 | D:3      | 13682 ||| PLANNING D:1-11
 13682 | D:3      | 13682 ||| Stepping randomly (stuck).
 13712 | D:4      | 13712 ||| PLANNING CONVERSION TO OKAWARU
 13714 | D:3      | 13714 ||| PLANNING D:1-11
 13740 | D:3      | 13740 ||| PLANNING CONVERSION TO OKAWARU
 13740 | D:3      | 13740 ||| PLANNING D:1-11
 13740 | D:3      | 13740 ||| Stepping randomly (stuck).
 13770 | D:4      | 13770 ||| PLANNING CONVERSION TO OKAWARU
 13772 | D:3      | 13772 ||| PLANNING D:1-11
 13798 | D:3      | 13798 ||| PLANNING CONVERSION TO OKAWARU
 13798 | D:3      | 13798 ||| PLANNING D:1-11
 13798 | D:3      | 13798 ||| Stepping randomly (stuck).
 13828 | D:4      | 13828 ||| PLANNING CONVERSION TO OKAWARU
 13830 | D:3      | 13830 ||| PLANNING D:1-11
 13856 | D:3      | 13856 ||| PLANNING CONVERSION TO OKAWARU
 13856 | D:3      | 13856 ||| PLANNING D:1-11
 13856 | D:3      | 13856 ||| Stepping randomly (stuck).
 13886 | D:4      | 13886 ||| PLANNING CONVERSION TO OKAWARU
 13888 | D:3      | 13888 ||| PLANNING D:1-11
 13914 | D:3      | 13914 ||| PLANNING CONVERSION TO OKAWARU
 13914 | D:3      | 13914 ||| PLANNING D:1-11
 13914 | D:3      | 13914 ||| Stepping randomly (stuck).
 13944 | D:4      | 13944 ||| PLANNING CONVERSION TO OKAWARU
 13946 | D:3      | 13946 ||| PLANNING D:1-11
 13972 | D:3      | 13972 ||| PLANNING CONVERSION TO OKAWARU
 13972 | D:3      | 13972 ||| PLANNING D:1-11
 13972 | D:3      | 13972 ||| Stepping randomly (stuck).
 14002 | D:4      | 14002 ||| PLANNING CONVERSION TO OKAWARU
 14004 | D:3      | 14004 ||| PLANNING D:1-11
 14030 | D:3      | 14030 ||| PLANNING CONVERSION TO OKAWARU
 14030 | D:3      | 14030 ||| PLANNING D:1-11
 14030 | D:3      | 14030 ||| Stepping randomly (stuck).
 14060 | D:4      | 14060 ||| PLANNING CONVERSION TO OKAWARU
 14062 | D:3      | 14062 ||| PLANNING D:1-11
 14088 | D:3      | 14088 ||| PLANNING CONVERSION TO OKAWARU
 14088 | D:3      | 14088 ||| PLANNING D:1-11
 14088 | D:3      | 14088 ||| Stepping randomly (stuck).
 14118 | D:4      | 14118 ||| PLANNING CONVERSION TO OKAWARU
 14120 | D:3      | 14120 ||| PLANNING D:1-11
 14146 | D:3      | 14146 ||| PLANNING CONVERSION TO OKAWARU
 14146 | D:3      | 14146 ||| PLANNING D:1-11
 14146 | D:3      | 14146 ||| Stepping randomly (stuck).
 14176 | D:4      | 14176 ||| PLANNING CONVERSION TO OKAWARU
 14178 | D:3      | 14178 ||| PLANNING D:1-11
 14204 | D:3      | 14204 ||| PLANNING CONVERSION TO OKAWARU
 14204 | D:3      | 14204 ||| PLANNING D:1-11
 14204 | D:3      | 14204 ||| Stepping randomly (stuck).
 14234 | D:4      | 14234 ||| PLANNING CONVERSION TO OKAWARU
 14236 | D:3      | 14236 ||| PLANNING D:1-11
 14262 | D:3      | 14262 ||| PLANNING CONVERSION TO OKAWARU
 14262 | D:3      | 14262 ||| PLANNING D:1-11
 14262 | D:3      | 14262 ||| Stepping randomly (stuck).
 14292 | D:4      | 14292 ||| PLANNING CONVERSION TO OKAWARU
 14294 | D:3      | 14294 ||| PLANNING D:1-11
 14320 | D:3      | 14320 ||| PLANNING CONVERSION TO OKAWARU
 14320 | D:3      | 14320 ||| PLANNING D:1-11
 14320 | D:3      | 14320 ||| Stepping randomly (stuck).
 14350 | D:4      | 14350 ||| PLANNING CONVERSION TO OKAWARU
 14352 | D:3      | 14352 ||| PLANNING D:1-11
 14378 | D:3      | 14378 ||| PLANNING CONVERSION TO OKAWARU
 14378 | D:3      | 14378 ||| PLANNING D:1-11
 14378 | D:3      | 14378 ||| Stepping randomly (stuck).
 14408 | D:4      | 14408 ||| PLANNING CONVERSION TO OKAWARU
 14410 | D:3      | 14410 ||| PLANNING D:1-11
 14436 | D:3      | 14436 ||| PLANNING CONVERSION TO OKAWARU
 14436 | D:3      | 14436 ||| PLANNING D:1-11
 14436 | D:3      | 14436 ||| Stepping randomly (stuck).
 14466 | D:4      | 14466 ||| PLANNING CONVERSION TO OKAWARU
 14468 | D:3      | 14468 ||| PLANNING D:1-11
 14494 | D:3      | 14494 ||| PLANNING CONVERSION TO OKAWARU
 14494 | D:3      | 14494 ||| PLANNING D:1-11
 14494 | D:3      | 14494 ||| Stepping randomly (stuck).
 14524 | D:4      | 14524 ||| PLANNING CONVERSION TO OKAWARU
 14526 | D:3      | 14526 ||| PLANNING D:1-11
 14552 | D:3      | 14552 ||| PLANNING CONVERSION TO OKAWARU
 14552 | D:3      | 14552 ||| PLANNING D:1-11
 14552 | D:3      | 14552 ||| Stepping randomly (stuck).
 14582 | D:4      | 14582 ||| PLANNING CONVERSION TO OKAWARU
 14584 | D:3      | 14584 ||| PLANNING D:1-11
 14610 | D:3      | 14610 ||| PLANNING CONVERSION TO OKAWARU
 14610 | D:3      | 14610 ||| PLANNING D:1-11
 14610 | D:3      | 14610 ||| Stepping randomly (stuck).
 14640 | D:4      | 14640 ||| PLANNING CONVERSION TO OKAWARU
 14642 | D:3      | 14642 ||| PLANNING D:1-11
 14668 | D:3      | 14668 ||| PLANNING CONVERSION TO OKAWARU
 14668 | D:3      | 14668 ||| PLANNING D:1-11
 14668 | D:3      | 14668 ||| Stepping randomly (stuck).
 14698 | D:4      | 14698 ||| PLANNING CONVERSION TO OKAWARU
 14700 | D:3      | 14700 ||| PLANNING D:1-11
 14726 | D:3      | 14726 ||| PLANNING CONVERSION TO OKAWARU
 14726 | D:3      | 14726 ||| PLANNING D:1-11
 14726 | D:3      | 14726 ||| Stepping randomly (stuck).
 14756 | D:4      | 14756 ||| PLANNING CONVERSION TO OKAWARU
 14758 | D:3      | 14758 ||| PLANNING D:1-11
 14784 | D:3      | 14784 ||| PLANNING CONVERSION TO OKAWARU
 14784 | D:3      | 14784 ||| PLANNING D:1-11
 14784 | D:3      | 14784 ||| Stepping randomly (stuck).
 14814 | D:4      | 14814 ||| PLANNING CONVERSION TO OKAWARU
 14816 | D:3      | 14816 ||| PLANNING D:1-11
 14842 | D:3      | 14842 ||| PLANNING CONVERSION TO OKAWARU
 14842 | D:3      | 14842 ||| PLANNING D:1-11
 14842 | D:3      | 14842 ||| Stepping randomly (stuck).
 14872 | D:4      | 14872 ||| PLANNING CONVERSION TO OKAWARU
 14874 | D:3      | 14874 ||| PLANNING D:1-11
 14900 | D:3      | 14900 ||| PLANNING CONVERSION TO OKAWARU
 14900 | D:3      | 14900 ||| PLANNING D:1-11
 14900 | D:3      | 14900 ||| Stepping randomly (stuck).
 14930 | D:4      | 14930 ||| PLANNING CONVERSION TO OKAWARU
 14932 | D:3      | 14932 ||| PLANNING D:1-11
 14958 | D:3      | 14958 ||| PLANNING CONVERSION TO OKAWARU
 14958 | D:3      | 14958 ||| PLANNING D:1-11
 14958 | D:3      | 14958 ||| Stepping randomly (stuck).
 14988 | D:4      | 14988 ||| PLANNING CONVERSION TO OKAWARU
 14990 | D:3      | 14990 ||| PLANNING D:1-11
 15016 | D:3      | 15016 ||| PLANNING CONVERSION TO OKAWARU
 15016 | D:3      | 15016 ||| PLANNING D:1-11
 15016 | D:3      | 15016 ||| Stepping randomly (stuck).
 15046 | D:4      | 15046 ||| PLANNING CONVERSION TO OKAWARU
 15048 | D:3      | 15048 ||| PLANNING D:1-11
 15074 | D:3      | 15074 ||| PLANNING CONVERSION TO OKAWARU
 15074 | D:3      | 15074 ||| PLANNING D:1-11
 15074 | D:3      | 15074 ||| Stepping randomly (stuck).
 15104 | D:4      | 15104 ||| PLANNING CONVERSION TO OKAWARU
 15106 | D:3      | 15106 ||| PLANNING D:1-11
 15132 | D:3      | 15132 ||| PLANNING CONVERSION TO OKAWARU
 15132 | D:3      | 15132 ||| PLANNING D:1-11
 15132 | D:3      | 15132 ||| Stepping randomly (stuck).
 15162 | D:4      | 15162 ||| PLANNING CONVERSION TO OKAWARU
 15164 | D:3      | 15164 ||| PLANNING D:1-11
 15190 | D:3      | 15190 ||| PLANNING CONVERSION TO OKAWARU
 15190 | D:3      | 15190 ||| PLANNING D:1-11
 15190 | D:3      | 15190 ||| Stepping randomly (stuck).
 15220 | D:4      | 15220 ||| PLANNING CONVERSION TO OKAWARU
 15222 | D:3      | 15222 ||| PLANNING D:1-11
 15248 | D:3      | 15248 ||| PLANNING CONVERSION TO OKAWARU
 15248 | D:3      | 15248 ||| PLANNING D:1-11
 15248 | D:3      | 15248 ||| Stepping randomly (stuck).
 15278 | D:4      | 15278 ||| PLANNING CONVERSION TO OKAWARU
 15280 | D:3      | 15280 ||| PLANNING D:1-11
 15306 | D:3      | 15306 ||| PLANNING CONVERSION TO OKAWARU
 15306 | D:3      | 15306 ||| PLANNING D:1-11
 15306 | D:3      | 15306 ||| Stepping randomly (stuck).
 15336 | D:4      | 15336 ||| PLANNING CONVERSION TO OKAWARU
 15338 | D:3      | 15338 ||| PLANNING D:1-11
 15364 | D:3      | 15364 ||| PLANNING CONVERSION TO OKAWARU
 15364 | D:3      | 15364 ||| PLANNING D:1-11
 15364 | D:3      | 15364 ||| Stepping randomly (stuck).
 15394 | D:4      | 15394 ||| PLANNING CONVERSION TO OKAWARU
 15396 | D:3      | 15396 ||| PLANNING D:1-11
 15422 | D:3      | 15422 ||| PLANNING CONVERSION TO OKAWARU
 15422 | D:3      | 15422 ||| PLANNING D:1-11
 15422 | D:3      | 15422 ||| Stepping randomly (stuck).
 15452 | D:4      | 15452 ||| PLANNING CONVERSION TO OKAWARU
 15454 | D:3      | 15454 ||| PLANNING D:1-11
 15480 | D:3      | 15480 ||| PLANNING CONVERSION TO OKAWARU
 15480 | D:3      | 15480 ||| PLANNING D:1-11
 15480 | D:3      | 15480 ||| Stepping randomly (stuck).
 15510 | D:4      | 15510 ||| PLANNING CONVERSION TO OKAWARU
 15512 | D:3      | 15512 ||| PLANNING D:1-11
 15538 | D:3      | 15538 ||| PLANNING CONVERSION TO OKAWARU
 15538 | D:3      | 15538 ||| PLANNING D:1-11
 15538 | D:3      | 15538 ||| Stepping randomly (stuck).
 15568 | D:4      | 15568 ||| PLANNING CONVERSION TO OKAWARU
 15570 | D:3      | 15570 ||| PLANNING D:1-11
 15596 | D:3      | 15596 ||| PLANNING CONVERSION TO OKAWARU
 15596 | D:3      | 15596 ||| PLANNING D:1-11
 15596 | D:3      | 15596 ||| Stepping randomly (stuck).
 15626 | D:4      | 15626 ||| PLANNING CONVERSION TO OKAWARU
 15628 | D:3      | 15628 ||| PLANNING D:1-11
 15654 | D:3      | 15654 ||| PLANNING CONVERSION TO OKAWARU
 15654 | D:3      | 15654 ||| PLANNING D:1-11
 15654 | D:3      | 15654 ||| Stepping randomly (stuck).
 15684 | D:4      | 15684 ||| PLANNING CONVERSION TO OKAWARU
 15686 | D:3      | 15686 ||| PLANNING D:1-11
 15712 | D:3      | 15712 ||| PLANNING CONVERSION TO OKAWARU
 15712 | D:3      | 15712 ||| PLANNING D:1-11
 15712 | D:3      | 15712 ||| Stepping randomly (stuck).
 15742 | D:4      | 15742 ||| PLANNING CONVERSION TO OKAWARU
 15744 | D:3      | 15744 ||| PLANNING D:1-11
 15770 | D:3      | 15770 ||| PLANNING CONVERSION TO OKAWARU
 15770 | D:3      | 15770 ||| PLANNING D:1-11
 15770 | D:3      | 15770 ||| Stepping randomly (stuck).
 15800 | D:4      | 15800 ||| PLANNING CONVERSION TO OKAWARU
 15802 | D:3      | 15802 ||| PLANNING D:1-11
 15828 | D:3      | 15828 ||| PLANNING CONVERSION TO OKAWARU
 15828 | D:3      | 15828 ||| PLANNING D:1-11
 15828 | D:3      | 15828 ||| Stepping randomly (stuck).
 15858 | D:4      | 15858 ||| PLANNING CONVERSION TO OKAWARU
 15860 | D:3      | 15860 ||| PLANNING D:1-11
 15886 | D:3      | 15886 ||| PLANNING CONVERSION TO OKAWARU
 15886 | D:3      | 15886 ||| PLANNING D:1-11
 15886 | D:3      | 15886 ||| Stepping randomly (stuck).
 15916 | D:4      | 15916 ||| PLANNING CONVERSION TO OKAWARU
 15918 | D:3      | 15918 ||| PLANNING D:1-11
 15944 | D:3      | 15944 ||| PLANNING CONVERSION TO OKAWARU
 15944 | D:3      | 15944 ||| PLANNING D:1-11
 15944 | D:3      | 15944 ||| Stepping randomly (stuck).
 15974 | D:4      | 15974 ||| PLANNING CONVERSION TO OKAWARU
 15976 | D:3      | 15976 ||| PLANNING D:1-11
 16002 | D:3      | 16002 ||| PLANNING CONVERSION TO OKAWARU
 16002 | D:3      | 16002 ||| PLANNING D:1-11
 16002 | D:3      | 16002 ||| Stepping randomly (stuck).
 16032 | D:4      | 16032 ||| PLANNING CONVERSION TO OKAWARU
 16034 | D:3      | 16034 ||| PLANNING D:1-11
 16060 | D:3      | 16060 ||| PLANNING CONVERSION TO OKAWARU
 16060 | D:3      | 16060 ||| PLANNING D:1-11
 16060 | D:3      | 16060 ||| Stepping randomly (stuck).
 16090 | D:4      | 16090 ||| PLANNING CONVERSION TO OKAWARU
 16092 | D:3      | 16092 ||| PLANNING D:1-11
 16118 | D:3      | 16118 ||| PLANNING CONVERSION TO OKAWARU
 16118 | D:3      | 16118 ||| PLANNING D:1-11
 16118 | D:3      | 16118 ||| Stepping randomly (stuck).
 16148 | D:4      | 16148 ||| PLANNING CONVERSION TO OKAWARU
 16150 | D:3      | 16150 ||| PLANNING D:1-11
 16176 | D:3      | 16176 ||| PLANNING CONVERSION TO OKAWARU
 16176 | D:3      | 16176 ||| PLANNING D:1-11
 16176 | D:3      | 16176 ||| Stepping randomly (stuck).
 16206 | D:4      | 16206 ||| PLANNING CONVERSION TO OKAWARU
 16208 | D:3      | 16208 ||| PLANNING D:1-11
 16234 | D:3      | 16234 ||| PLANNING CONVERSION TO OKAWARU
 16234 | D:3      | 16234 ||| PLANNING D:1-11
 16234 | D:3      | 16234 ||| Stepping randomly (stuck).
 16264 | D:4      | 16264 ||| PLANNING CONVERSION TO OKAWARU
 16266 | D:3      | 16266 ||| PLANNING D:1-11
 16292 | D:3      | 16292 ||| PLANNING CONVERSION TO OKAWARU
 16292 | D:3      | 16292 ||| PLANNING D:1-11
 16292 | D:3      | 16292 ||| Stepping randomly (stuck).
 16322 | D:4      | 16322 ||| PLANNING CONVERSION TO OKAWARU
 16324 | D:3      | 16324 ||| PLANNING D:1-11
 16350 | D:3      | 16350 ||| PLANNING CONVERSION TO OKAWARU
 16350 | D:3      | 16350 ||| PLANNING D:1-11
 16350 | D:3      | 16350 ||| Stepping randomly (stuck).
 16380 | D:4      | 16380 ||| PLANNING CONVERSION TO OKAWARU
 16382 | D:3      | 16382 ||| PLANNING D:1-11
 16408 | D:3      | 16408 ||| PLANNING CONVERSION TO OKAWARU
 16408 | D:3      | 16408 ||| PLANNING D:1-11
 16408 | D:3      | 16408 ||| Stepping randomly (stuck).
 16438 | D:4      | 16438 ||| PLANNING CONVERSION TO OKAWARU
 16440 | D:3      | 16440 ||| PLANNING D:1-11
 16466 | D:3      | 16466 ||| PLANNING CONVERSION TO OKAWARU
 16466 | D:3      | 16466 ||| PLANNING D:1-11
 16466 | D:3      | 16466 ||| Stepping randomly (stuck).
 16496 | D:4      | 16496 ||| PLANNING CONVERSION TO OKAWARU
 16498 | D:3      | 16498 ||| PLANNING D:1-11
 16524 | D:3      | 16524 ||| PLANNING CONVERSION TO OKAWARU
 16524 | D:3      | 16524 ||| PLANNING D:1-11
 16524 | D:3      | 16524 ||| Stepping randomly (stuck).
 16554 | D:4      | 16554 ||| PLANNING CONVERSION TO OKAWARU
 16556 | D:3      | 16556 ||| PLANNING D:1-11
 16582 | D:3      | 16582 ||| PLANNING CONVERSION TO OKAWARU
 16582 | D:3      | 16582 ||| PLANNING D:1-11
 16582 | D:3      | 16582 ||| Stepping randomly (stuck).
 16612 | D:4      | 16612 ||| PLANNING CONVERSION TO OKAWARU
 16614 | D:3      | 16614 ||| PLANNING D:1-11
 16640 | D:3      | 16640 ||| PLANNING CONVERSION TO OKAWARU
 16640 | D:3      | 16640 ||| PLANNING D:1-11
 16640 | D:3      | 16640 ||| Stepping randomly (stuck).
 16670 | D:4      | 16670 ||| PLANNING CONVERSION TO OKAWARU
 16672 | D:3      | 16672 ||| PLANNING D:1-11
 16674 | D:3      | 16674 ||| PLANNING D:1-11
 16698 | D:3      | 16698 ||| PLANNING CONVERSION TO OKAWARU
 16758 | D:3      | Fell from the grace of Ignis
 16758 | D:3      | Became a worshipper of Warmaster Okawaru
 16759 | D:3      | 16759 ||| PLANNING D:1-11
 16759 | D:3      | 16759 ||| REMOVING amulet of guardian spirit.
 16764 | D:3      | 16764 ||| PLANNING D:1-11
 16764 | D:3      | 16764 ||| DROPPING amulet of guardian spirit.
 17211 | D:9      | 17211 ||| Stepping ~*~*~tactically~*~*~ (stealth).
 17227 | D:9      | 17227 ||| Stepping ~*~*~tactically~*~*~ (stealth).
 17228 | D:9      | 17228 ||| Stepping ~*~*~tactically~*~*~ (stealth).
 17235 | D:9      | 17235 ||| FLEEEEING.
 17236 | D:9      | 17236 ||| FLEEEEING.
 17237 | D:9      | 17237 ||| FLEEEEING.
 17238 | D:9      | 17238 ||| FLEEEEING.
 17239 | D:9      | 17239 ||| FLEEEEING.
 17242 | D:9      | 17242 ||| FLEEEEING.
 17243 | D:9      | 17243 ||| FLEEEEING.
 17244 | D:9      | 17244 ||| FLEEEEING.
 17245 | D:9      | 17245 ||| FLEEEEING.
 17246 | D:9      | 17246 ||| FLEEEEING.
 17247 | D:9      | 17247 ||| FLEEEEING.
 17248 | D:9      | 17248 ||| FLEEEEING.
 17249 | D:9      | 17249 ||| FLEEEEING.
 17250 | D:9      | 17250 ||| FLEEEEING.
 17252 | D:9      | 17252 ||| FLEEEEING.
 17253 | D:9      | 17253 ||| FLEEEEING.
 17254 | D:9      | 17254 ||| FLEEEEING.
 17255 | D:9      | 17255 ||| FLEEEEING.
 17256 | D:9      | 17256 ||| FLEEEEING.
 17257 | D:9      | 17257 ||| FLEEEEING.
 17258 | D:9      | 17258 ||| FLEEEEING.
 17259 | D:9      | 17259 ||| FLEEEEING.
 17260 | D:9      | 17260 ||| FLEEEEING.
 17266 | D:9      | 17266 ||| FLEEEEING.
 17267 | D:9      | 17267 ||| FLEEEEING.
 17268 | D:9      | 17268 ||| FLEEEEING.
 17269 | D:9      | 17269 ||| FLEEEEING.
 17270 | D:9      | 17270 ||| FLEEEEING.
 17422 | D:9      | HP: 11/79 [troll (10)]
 17486 | D:9      | 17486 ||| FLEEEEING.
 17487 | D:9      | 17487 ||| FLEEEEING.
 17488 | D:9      | 17488 ||| FLEEEEING.
 17489 | D:9      | 17489 ||| FLEEEEING.
 17490 | D:9      | 17490 ||| FLEEEEING.
 17491 | D:9      | 17491 ||| FLEEEEING.
 17492 | D:9      | 17492 ||| FLEEEEING.
 17493 | D:9      | 17493 ||| FLEEEEING.
 17494 | D:9      | 17494 ||| FLEEEEING.
 17495 | D:9      | 17495 ||| STAIRDANCE
 17765 | D:9      | 17765 ||| Stepping ~*~*~tactically~*~*~ (stealth).
 17769 | D:9      | 17769 ||| Stepping ~*~*~tactically~*~*~ (stealth).
 17781 | D:9      | Reached * piety under Okawaru
 17782 | D:9      | 17782 ||| INVOKING Heroism.
 17785 | D:9      | Reached skill level 1 in Invocations
 17830 | D:9      | 17830 ||| INVOKING Heroism.
 17839 | D:9      | HP: 20/80 [fire elemental[the fiery vengeance of Ignis]
                  | (1)]
 17839 | D:9      | HP: 5/80 [fire elemental[the fiery vengeance of Ignis] (6)]
 17841 | D:9      | Slain by a fire elemental

Levels and vault maps discovered:
D:1:      scummos_arrival_hexagon, layout_basic, minmay_misc_feat_nine_boxes,
          chequers_serial_rivers_large_b
D:2:      layout_basic, chequers_ecumenical_altar_grove,
          minmay_fractal_squares_gapless_5, uniq_robin, uniq_jessica
D:3:      layout_rooms, mainiacjoe_overflow_surrounded_room, minmay_circle_x,
          uniq_crazy_yiuf_cottage, uniq_sigmund
D:4:      layout_loops_ring
D:5:      layout_basic, nicolae_elevator_lobby_asterisk
D:6:      layout_basic, xom_butterflies, uniq_edmund, uniq_duvessa,
          uniq_blork_the_orc
D:7:      lemuel_ice_statue, layout_basic, minmay_temple_entry_fiery,
          gammafunk_ghost_icy
D:8:      layout_loops_ring, vehumet_crystals, gammafunk_temple_overflow_statue,
          enter_bailey_2
D:9:      minmay_blocky_corners, layout_stronghold, chequers_garden,
          nrook_mini_backslash

Skill      XL: |  1  2  3  4  5  6  7  8  9 10 |
---------------+-------------------------------+-----
Axes           | 3 5 6 7 9 10 | 10.1
Armour         | 1 2 3 4 5 |  5.0
Fighting       | 4 5 6 |  6.6
Dodging        | 1 |  1.0
Throwing       | 1 |  1.9
Shields        | 6 7 |  7.2
Invocations    | 1 |  1.2
Spellcasting   | |  1.0
Fire Magic     | |  2.6

Action                   |  1- 3 |  4- 6 |  7- 9 | 10-12 || total
-------------------------+-------+-------+-------+-------++-------
Melee: Hand axe          |    73 |   150 |   424 |   111 ||   758
       Punch             |     1 |     2 |     3 |       ||     6
       Headbutt          |       |       |    46 |    20 ||    66
Throw: Boomerang         |       |       |    23 |     3 ||    26
Invok: Fiery Armour      |     2 |     2 |     8 |       ||    12
       Heroism           |       |       |       |     2 ||     2
  Use: Scroll            |     4 |     6 |    11 |     6 ||    27
       Potion            |       |       |     1 |       ||     1
Armor: Robe              |    11 |       |       |       ||    11
       Chain mail        |    36 |    15 |       |       ||    51
       Plate armour      |       |    86 |   277 |    66 ||   429
Dodge: Dodged            |    20 |    32 |    89 |    27 ||   168
Block: Kite shield       |       |       |    46 |    43 ||    89

Table legend:
 A = Non-vault XP
 B = Vault XP
 C = Vault XP percentage of total XP
 D = Non-vault monster count
 E = Vault monster count
 F = Vault count percentage of total count
                 A         B        C        D         E       F
            +---------+---------+-------+---------+---------+-------
      Total |    7372 |     856 |  10.4 |     173 |      25 |  12.6
            +---------+---------+-------+---------+---------+-------
        D:1 |      33 |       0 |   0.0 |      20 |       0 |   0.0
        D:2 |      55 |      73 |  57.0 |      18 |      14 |  43.8
        D:3 |      73 |     304 |  80.6 |      20 |       7 |  25.9
        D:4 |     392 |       0 |   0.0 |      23 |       0 |   0.0
        D:5 |     599 |       0 |   0.0 |      15 |       0 |   0.0
        D:6 |     367 |     479 |  56.6 |       9 |       4 |  30.8
        D:7 |    1562 |       0 |   0.0 |      33 |       0 |   0.0
        D:8 |    2546 |       0 |   0.0 |      22 |       0 |   0.0
        D:9 |    1745 |       0 |   0.0 |      13 |       0 |   0.0
            +---------+---------+-------+---------+---------+-------
